 Dungeon Crawl Stone Soup version 0.31.0-11-ge490571c62 (webtiles) character file.

Game seed: 3601373231702850599

2601 Rassilon the Insei (level 9, -8/71 HPs)
             Began as a Demonspawn Monk on Jan 30, 2024.
             Was a Believer of Wu Jian.
             Mangled by a yak (16 damage)
             ... on level 7 of the Dungeon on Jan 31, 2024.
             The game lasted 00:28:06 (5774 turns).

Rassilon the Insei (Demonspawn Monk)                Turns: 5774, Time: 00:28:06

Health: -8/71      AC:  3    Str: 12    XL:     9   Next: 33%
Magic:  14/14      EV: 15    Int: 14    God:    Wu Jian [**....]
Gold:   946        SH:  9    Dex: 18    Spells: 9/14 levels left

rFire   . . .        p - +7 staff of the Meek {protect, meekguard}
rCold   . . .        (shield currently unavailable)
rNeg    . . .        a - +1 robe
rPois   +            (helmet currently unavailable)
rElec   .            (cloak currently unavailable)
rCorr   .            f - melded +2 pair of gloves
SInv    .            (boots currently unavailable)
Will    .....        d - amulet of reflection
Stlth   ++           r - ring of flight
HPRegen 0.31/turn    x - ring of poison resistance
MPRegen 0.28/turn

%: reflection
@: beast-form, flying, slowed, very slow
A: beast (slay +1), hooves 1, magic regeneration, big brain 1, condensation
shield
a: Begin Untransformation, Renounce Religion, Wall Jump


You were on level 7 of the Dungeon.
You worshipped Wu Jian.
Wu Jian was pleased with you.
You were a hulking beast.
You visited 2 branches of the dungeon, and saw 8 of its levels.

You collected 946 gold pieces.

Inventory:

Hand Weapons
 p - the +7 staff of the Meek (weapon) {protect, meekguard}
   (You found it on level 3 of the Dungeon)
Missiles
 u - 4 throwing nets (quivered)
Armour
 a - a +1 robe (worn)
 f - a +2 pair of gloves (melded)
Jewellery
 d - an amulet of reflection (around neck)
 r - a ring of flight (left hand)
 x - a ring of poison resistance (right hand)
Talismans
 q - a beast talisman (active)
Scrolls
 e - a scroll of poison {unknown}
 i - 2 scrolls of enchant armour
 j - a scroll of fear
 v - a scroll of revelation
Potions
 b - a potion of ambrosia
 c - 2 potions of heal wounds
 g - a potion of lignification
 h - a potion of resistance
 l - 2 potions of attraction
 m - 2 potions of berserk rage
 n - a potion of enlightenment {unknown}
 o - 2 potions of mutation {unknown}
 t - a potion of invisibility {unknown}
 w - a potion of curing {unknown}


   Skills:
 + Level 6.4 Fighting
 + Level 5.9 Dodging
 * Level 7.9 Unarmed Combat
 + Level 3.3 Spellcasting
 + Level 3.0 Shapeshifting


You had 9 spell levels left.
You knew the following spells:

 Your Spells              Type           Power      Damage    Failure   Level
a - Confusing Touch       Hex            2%         N/A       52%         3
b - Jinxbite              Hex            4%         N/A       30%         2

Your spell library contained the following spells:

 Spells                   Type           Power      Damage    Failure   Level
 Slow                     Hex            8%         N/A       21%         1
 Summon Small Mammal      Summ           8%         N/A       21%         1
 Call Canine Familiar     Summ           2%         N/A       52%         3
 Sigil of Binding         Hex            2%         N/A       52%         3
 Vampiric Draining        Necr           2%         2d6       52%         3
 Summon Blazeheart Golem  Fire/Summ      2%         N/A       90%         4
 Yara's Violent Unravell  Hex/Alch       1%         3d3       99%         5
 Enfeeble                 Hex            1%         N/A       100%        7


Dungeon Overview and Level Annotations

Branches:
Dungeon (7/15)             Temple (1/1) D:7

Altars:
Cheibriados
Dithmenos
Fedhas
Gozag
Hepliaklqana
Makhleb
Nemelex Xobeh
Okawaru
Qazlal
Ru
Sif Muna
Trog
Uskayaw
Vehumet
Wu Jian
Xom
Yredelemnul


Innate Abilities, Weirdness & Mutations

You are a hulking beast.
Your limbs bulge with bestial killing power. (Slay +1)
You have large cloven feet.
You regenerate magic rapidly.
You have an unusually large brain. (Int +2)
A meltable shield of frost defends you. (SH +4)


Message History

The wraith is almost destroyed.
You sock the wraith!
You destroy the wraith!
The Council accepts your kill.
Your Shapeshifting skill increases to level 3!
Aiming: Wall Jump
Press: ? - help, Dir - move target The yak closely misses you. x2
Unknown command.
Aiming: Wall Jump
Press: ? - help, Dir - move target You repeatedly attack the yak from above.
You barely miss the yak. You kick the yak.
The yak is lightly wounded.
You barely miss the yak. Your kick misses the yak.
The yak is lightly wounded.
A killer bee comes into view.
You block the yak's attack. The yak barely misses you.
The yak gores you but does no damage.
The killer bee moves out of view.
The yak attacks as it pursues you! The yak gores you!
* * * LOW HITPOINT WARNING * * *
The yak barely misses you.
The killer bee buzzes angrily.
Unknown command.
Aiming: Wall Jump
Press: ? - help, Dir - move target You block the killer bee's attack.
The killer bee stings you but does no damage.
The yak misses you. The killer bee stings you.
* * * LOW HITPOINT WARNING * * *
The killer bee misses you.
Aiming: Wall Jump
Press: ? - help, Dir - move target You block the killer bee's attack.
The killer bee closely misses you. x2
The killer bee misses you. x2
Unknown command.
The killer bee closely misses you. The yak attacks as it pursues you!
The yak gores you!
You die...

#.##. ### #.## #.... ... ##.#
.... ##.####..# #+# #..#
.....#...# #.# #..#
.......#.###.###..#
..................#
....#...........h.#
...............Yy.# .#
###.###..<.....P..# .# ...
#.....##......>..## #.# #.###
..#.#..##..)..P..###.. #...#####
.##.##..##.......##.. ##.#......
#.....#..#...#..###.# #.........
#.....##.#.[.....##.####.........
.......[....###........#..≈≈≈≈≈≈≈


You could see a yak and a killer bee.

Vanquished Creatures
  A troll (D:7)
  2 wraiths
  3 orc warriors
  2 ice beasts
  An ogre (D:5)
  A centaur (D:7)
  A phantom (D:5)
  A bullfrog (D:7)
  Blork the orc (D:6)
  4 scorpions
  7 wights
  A bombardier beetle (D:4)
  5 hounds
  Jessica (D:3)
  3 iguanas
  A sleepcap (D:5)
  2 orc wizards
  4 gnolls (D:4)
  12 adders
  A shadow imp (D:6)
  2 ufetubi (D:5)
  A dart slug (D:5)
  3 ribbon worms
  15 orcs
  7 bats
  9 endoplasms
  4 giant cockroaches
  6 goblins
  7 hobgoblins
  7 jackals
  4 quokkas
  5 ball pythons
  3 frilled lizards
  2 kobolds (D:1)
  10 rats
139 creatures vanquished.

Notes
Turn   | Place    | Note
-------+----------+-------------------------------------------
     0 | D:1      | Rassilon the Demonspawn Monk began the quest for the Orb.
     0 | D:1      | Reached XP level 1. HP: 18/18 MP: 1/1
   266 | D:1      | Reached skill level 3 in Unarmed Combat
   266 | D:1      | Gained mutation: You have large cloven feet. [demonic
                  | ancestry]
   266 | D:1      | Reached XP level 2. HP: 24/24 MP: 2/2
   712 | D:1      | Reached XP level 3. HP: 29/29 MP: 3/3
   722 | D:1      | Found a faded altar of an unknown god.
  1127 | D:2      | Reached XP level 4. HP: 35/35 MP: 4/4
  1611 | D:3      | Found the +7 staff of the Meek {protect, meekguard}
  1642 | D:3      | Reached skill level 4 in Unarmed Combat
  1669 | D:3      | Gained mutation: You regenerate magic rapidly. [demonic
                  | ancestry]
  1669 | D:3      | Reached XP level 5. HP: 42/42 MP: 5/5
  1964 | D:3      | Noticed Jessica
  1967 | D:3      | Killed Jessica
  2204 | D:3      | Found a shimmering blue altar of Sif Muna.
  2213 | D:3      | Found a stormy altar of Qazlal.
  2217 | D:3      | Found a burning altar of Makhleb.
  2313 | D:3      | Identified the +3 spear "ETAOIN SHRDLU" {holy, ^Fragile
                  | rElec rCorr Str+5}
  2373 | D:3      | Identified a scroll of acquirement
  2373 | D:3      | Acquired 640 gold pieces
  2597 | D:4      | Reached XP level 6. HP: 42/48 MP: 6/6
  2643 | D:4      | Reached skill level 5 in Unarmed Combat
  3599 | D:5      | Entered Level 5 of the Dungeon
  3673 | D:5      | Gained mutation: You have an unusually large brain. (Int
                  | +2) [demonic ancestry]
  3673 | D:5      | Reached XP level 7. HP: 39/55 MP: 7/7
  3877 | D:5      | Learned a level 3 spell: Confusing Touch
  3880 | D:5      | Learned a level 2 spell: Jinxbite
  4106 | D:5      | Reached skill level 5 in Fighting
  4274 | D:6      | Noticed Blork the orc
  4285 | D:6      | Killed Blork the orc
  4286 | D:6      | Reached skill level 6 in Unarmed Combat
  4378 | D:6      | Noticed a wraith
  4416 | D:6      | Reached skill level 1 in Spellcasting
  4484 | D:6      | Reached skill level 1 in Shapeshifting
  4504 | D:6      | Reached XP level 8. HP: 37/62 MP: 8/10
  4667 | D:6      | Reached skill level 5 in Dodging
  5073 | D:7      | Found a staircase to the Ecumenical Temple.
  5076 | D:7      | Found a basalt altar of Yredelemnul.
  5124 | Temple   | Entered the Ecumenical Temple
  5181 | Temple   | Became a worshipper of the Wu Jian Council
  5181 | Temple   | Reached * piety under Wu Jian
  5181 | Temple   | Reached ** piety under Wu Jian
  5211 | D:7      | Reached skill level 7 in Unarmed Combat
  5235 | D:6      | Gained mutation: A meltable shield of frost defends you.
                  | (SH +4) [demonic ancestry]
  5235 | D:6      | Reached XP level 9. HP: 23/69 MP: 13/13
  5493 | D:7      | Noticed a troll
  5493 | D:7      | Noticed a two-headed ogre
  5764 | D:7      | Killed a troll
  5774 | D:7      | Mangled by a yak

Illustrated notes

Levels and vault maps discovered:
D:1:      onia_arrival_handbag, layout_basic,
          shapermc_ecumenical_altar_totnotflames, minmay_tree_intersection,
          nicolae_titane
D:2:      layout_basic
D:3:      layout_loops_cross, minmay_overflow_temple_star_quad, st_stairs_1,
          corner_web_ring, kennysheep_generic_room_10, uniq_jessica
D:4:      layout_layer_cave
D:5:      layout_rooms
D:6:      layout_basic, kennysheep_generic_room_11, uniq_blork_the_orc
D:7:      minmay_the_grid_octo_tiled_octocenter
          [minmay_the_grid_octo_tetromino_candy, minmay_the_grid_octo_focus,
          minmay_the_grid_octo_horde, minmay_the_grid_octo_shrine,
          minmay_the_grid_octo_prize_ultimate_mussel_roller,
          minmay_the_grid_square_5x5_six, minmay_the_grid_square_5x5_minivault,
          minmay_the_grid_square_5x5_n, minmay_the_grid_square_5x5_eight_small],
          layout_rooms, mainiacjoe_overflow_alcove_4, lemuel_doored_altar,
          mainiacjoe_overflow_chevrons, minmay_temple_entry_overgrown,
          minmay_fractal_squares_5
Temple:   eino_temple_water

Skill      XL: |  1  2  3  4  5  6  7  8  9 |
---------------+----------------------------+-----
Unarmed Combat | 3 4 5 6 7 |  7.9
Dodging        | 3 4 5 |  5.9
Fighting       | 4 5 6 |  6.4
Spellcasting   | 1 2 3 |  3.3
Shapeshifting  | 1 2 3 |  3.0

Action                     |  1- 3 |  4- 6 |  7- 9 || total
---------------------------+-------+-------+-------++-------
  Melee: Hand axe          |    78 |    29 |       ||   107
         Unarmed           |     7 |       |       ||     7
         Kick              |    18 |    31 |    48 ||    97
         Punch             |     3 |     2 |       ||     5
         Quarterstaff      |       |   102 |   188 ||   290
Ability: Whirlwind         |       |       |    20 ||    20
         Wall Jump         |       |       |    14 ||    14
         Lunge             |       |       |     2 ||     2
    Use: Scroll            |       |    13 |       ||    13
         Potion            |       |       |     3 ||     3
   Stab: Sleeping          |     1 |     3 |     2 ||     6
 Armour: Robe              |    40 |    69 |   170 ||   279
  Dodge: Dodged            |    65 |   117 |   190 ||   372
  Block: Other             |       |    18 |    64 ||    82
         Reflection        |       |     2 |     2 ||     4
   Form: Beast             |       |     1 |       ||     1
